 Dungeon Crawl Stone Soup version 0.30-a0-782-ge64f9170bb (webtiles) character file.

Game seed: 9411867517202068798

987 funkygono the Cleaver (level 7, -4/61 HPs)
             Began as a Minotaur Fighter on Mar 13, 2023.
             Slain by a gnoll
             ... wielding a +0 flail
             ... led by a gnoll bouda
              (7 damage)
             ... on level 5 of the Dungeon.
             The game lasted 00:05:41 (3403 turns).

funkygono the Cleaver (Minotaur Fighter)            Turns: 3403, Time: 00:05:42

Health: -4/61      AC: 13    Str: 23    XL:     7   Next: 97%
Magic:  6/6        EV:  6    Int:  5    God:
Gold:   279        SH:  4    Dex:  9    Spells: 6/6 levels left

rFire   . . .      SeeInvis .    a - +0 war axe
rCold   . . .      Faith    .    c - +0 buckler
rNeg    . . .      Spirit   .    w - +0 plate armour
rPois   .          Reflect  .    (helmet restricted)
rElec   .          Harm     .    (no cloak)
rCorr   .          Rampage  .    (no gloves)
Will    .....                    (no boots) Stlth
                                 (no amulet)
HPRegen 0.30/turn                i - +4 ring of slaying
MPRegen 0.10/turn                (no ring)

@: no status effects
A: horns 2, retaliatory headbutt
a: no special abilities


You were on level 5 of the Dungeon.
You visited 1 branch of the dungeon, and saw 5 of its levels.
You also visited: Sewer.

You collected 279 gold pieces.

Inventory:

Hand Weapons
 a - a +0 war axe (weapon)
 b - a +0 war axe
Missiles
 k - 15 poisoned darts (quivered)
 p - 2 throwing nets
Armour
 c - a +0 buckler (worn)
 w - a +0 plate armour (worn)
 z - the +1 leather armour of Rodyub {Rampage rElec rF++ Will+}
   (You found it on level 4 of the Dungeon)

   rF:        It greatly protects you from fire.
   rElec:     It insulates you from electricity.
   Rampage:   It bestows one free step when moving towards enemies.
   Will:      It increases your willpower.
Jewellery
 i - a +4 ring of slaying (left hand)
Wands
 x - a wand of flame (28)
 A - a wand of polymorph (5)
 C - a wand of digging (3)
Scrolls
 f - 2 scrolls of blinking {unknown}
 h - 2 scrolls of magic mapping {unknown}
 l - a scroll of torment {unknown}
 m - 6 scrolls of identify {unknown}
 q - a scroll of vulnerability {unknown}
 r - 2 scrolls of teleportation {unknown}
 t - a scroll of brand weapon {unknown}
 v - a scroll of amnesia {unknown}
 y - a scroll of noise {unknown}
 B - a scroll of enchant weapon {unknown}
Potions
 d - a potion of might
 e - 2 potions of cancellation {unknown}
 g - 3 potions of haste {unknown}
 j - a potion of attraction {unknown}
 n - a potion of lignification {unknown}
 o - 2 potions of experience {unknown}
 s - a potion of heal wounds {unknown}
 u - a potion of curing {unknown}


   Skills:
 + Level 5.2 Fighting
 + Level 8.3 Axes
 + Level 6.6 Armour
 + Level 1.3 Dodging
 + Level 4.6 Shields


You had 6 spell levels left.
You didn't know any spells.
Your spell library contained the following spells:

 Spells                   Type           Power      Damage    Failure   Level
 Magic Dart               Conj           0%         1d3       100%        1
 Sandblast                Erth           0%         2d4       100%        1
 Summon Small Mammal      Summ           0%         N/A       100%        1
 Passwall                 Tmut/Erth      0%         N/A       100%        2
 Searing Ray              Conj           0%         2d4       100%        2
 Call Canine Familiar     Summ           0%         N/A       100%        3
 Inner Flame              Hex/Fire       0%         N/A       100%        3
 Stone Arrow              Conj/Erth      0%         3d7       100%        3
 Summon Guardian Golem    Hex/Summ       0%         N/A       100%        3
 Flame Wave               Conj/Fire      0%         2d4       100%        4
 Fulminant Prism          Conj/Hex       0%         3d5       100%        4
 Sticky Flame             Conj/Fire      0%         2d3       100%        4


Dungeon Overview and Level Annotations

Branches:
Dungeon (5/15)              Sewer (visited)
 Temple: D:4-7

Altars:
Nemelex Xobeh
Yredelemnul

Shops:
D:1 [


Innate Abilities, Weirdness & Mutations

You have a pair of horns on your head.
You reflexively headbutt those who attack you in melee.


Message History

You see here a hound corpse.
The gnoll attacks as you move away! The gnoll hits you but does no damage.
The gnoll bouda barks out a call to the hunt!
The gnoll hits you but does no damage.
A gnoll comes into view. It is wielding a +0 club.
The gnoll attacks as you move away! You block the gnoll's attack.
The gnoll bouda hits you with a +0 falchion.
The gnoll hits you with a +0 whip. The gnoll hits you but does no damage.
You barely miss the gnoll bouda.
You headbutt the gnoll bouda, but do no damage.
You barely miss the gnoll. x2; You slash the gnoll!
The gnoll bouda barely misses you. The gnoll hits you but does no damage.
The gnoll barely misses you. The gnoll hits you with a +0 flail.
The gnoll bouda hits you with a +0 falchion.
You slash the gnoll bouda!
The gnoll bouda is severely wounded.
You hit the gnoll. You closely miss the gnoll. You barely miss the gnoll.
You closely miss the gnoll. The gnoll hits you with a +0 whip.
The gnoll closely misses you. You block the gnoll's attack. x2
The gnoll bouda calls upon its god to heal the gnoll.
The gnoll is healed somewhat.
You slash the gnoll bouda!
You kill the gnoll bouda!
You barely miss the gnoll. You closely miss the gnoll. You slash the gnoll!
You hit the gnoll. You block the gnoll's attack.
The gnoll hits you but does no damage. The gnoll hits you with a +0 flail.
The gnoll hits you with a +1 flail of protection.
The gnoll hits you but does no damage. The gnoll hits you with a +0 whip!
The gnoll hits you with a +0 flail!
* * * LOW HITPOINT WARNING * * *
You slash the gnoll!
The gnoll is almost dead.
You slash the gnoll! You hit the gnoll. You slash the gnoll!
You closely miss the gnoll. The gnoll hits you but does no damage.
The gnoll hits you with a +0 flail!
* * * LOW HITPOINT WARNING * * *
The gnoll closely misses you. You furiously retaliate!
You headbutt the gnoll.
You kill the gnoll!
The gnoll hits you with a +0 flail!
You die...

.. ....###.# ...####
........#
..#..###........
.....#.#........ ...
#..#.....[.......
...#.#.#.............
.......#......ggg......
......#.##..†g@)......
###..#..#.##...####.....
.....#....#..#..# .....
.......##...##.## .....
.......#..#....## #..#
.......#..#.....# ..## #
#..........'##'.##...#<#
##.........#~~#.........
..........##~~##......##


You could see 4 gnolls.

Vanquished Creatures
  Pargi (Sewer)
  An ice beast (D:5)
  A black bear (D:4)
  An ogre (D:5)
  A kobold brigand (Sewer)
  A necrophage (D:4)
  2 scorpions
  A howler monkey (D:5)
  3 hounds (D:5)
  A gnoll bouda (D:5)
  2 iguanas
  4 gnolls
  3 adders
  A white imp (D:5)
  6 worms
  A dart slug (D:1)
  12 orcs
  8 endoplasms
  5 giant cockroaches
  5 goblins
  5 hobgoblins
  4 jackals (D:1)
  7 kobolds
  3 quokkas
  6 ball pythons
  7 bats
  4 frilled lizards
  8 rats
104 creatures vanquished.

Notes
Turn   | Place    | Note
-------+----------+-------------------------------------------
     0 | D:1      | funkygono the Minotaur Fighter began the quest for the Orb.
     0 | D:1      | Reached XP level 1. HP: 19/19 MP: 0/0
    71 | D:1      | Found Nanyces's Antique Armour Boutique.
   132 | D:1      | Reached XP level 2. HP: 27/27 MP: 1/1
   730 | D:2      | Reached skill level 3 in Axes
   835 | D:2      | Reached XP level 3. HP: 25/33 MP: 2/2
  1101 | D:2      | Found a faded altar of an unknown god.
  1533 | D:3      | Identified the +0 robe "Teoqib" {rElec rF+}
  1724 | D:3      | Reached skill level 4 in Axes
  1724 | D:3      | Reached XP level 4. HP: 26/40 MP: 3/3
  2032 | D:4      | Noticed a scorpion
  2037 | D:4      | Killed a scorpion
  2038 | D:4      | Reached skill level 5 in Axes
  2038 | D:4      | Reached XP level 5. HP: 46/46 MP: 4/4
  2163 | D:4      | Reached skill level 5 in Armour
  2256 | D:4      | Reached skill level 1 in Dodging
  2319 | D:4      | Noticed a black bear
  2326 | D:4      | Killed a black bear
  2327 | D:4      | Reached XP level 6. HP: 52/53 MP: 5/5
  2379 | D:4      | Reached skill level 6 in Axes
  2457 | D:4      | Found a basalt altar of Yredelemnul.
  2594 | D:4      | Identified the +1 leather armour of Rodyub {Rampage rElec
                  | rF++ Will+}
  2681 | D:4      | Found a sparkling altar of Nemelex Xobeh.
  2789 | D:5      | Entered Level 5 of the Dungeon
  2893 | D:5      | Reached XP level 7. HP: 60/60 MP: 6/6
  2992 | D:5      | Reached skill level 7 in Axes
  3131 | D:5      | Reached skill level 5 in Fighting
  3144 | D:5      | Found a glowing drain.
  3148 | Sewer    | Entered a sewer
  3299 | Sewer    | Noticed Pargi
  3304 | Sewer    | Killed Pargi
  3305 | Sewer    | Reached skill level 8 in Axes
  3403 | D:5      | HP: 3/61 [gnoll/+0 flail[a gnoll bouda] (10)]
  3403 | D:5      | Slain by a gnoll

Illustrated notes

Levels and vault maps discovered:
D:1:      eino_arrival_water_star, layout_basic, serial_shops,
          nicolae_shop_hallway_plus, minmay_misc_feat_roman
D:2:      layout_loops_ring, hellmonk_ecumenical_altar_lost_god
D:3:      layout_rooms
D:4:      layout_loops_ring, mainiacjoe_overflow_alcove_1,
          mainiacjoe_overflow_24_doors
D:5:      layout_cave_pools, gup_sewer_entry_bowl, uniq_prince_ribbit1

Skill      XL: |  1  2  3  4  5  6  7 |
---------------+----------------------+-----
Fighting       | 4 5 |  5.2
Armour         | 4 5 6 |  6.6
Axes           | 3 4 5 6 8 |  8.3
Shields        | 4 |  4.6
Dodging        | 1 |  1.3

Action                     |  1- 3 |  4- 6 |  7- 9 || total
---------------------------+-------+-------+-------++-------
  Melee: War axe           |    81 |    68 |    68 ||   217
         Headbutt          |     6 |     5 |    11 ||    22
 Armour: Scale mail        |    43 |    10 |       ||    53
         Plate armour      |       |    24 |    48 ||    72
  Dodge: Dodged            |    44 |    29 |    23 ||    96
  Block: Buckler           |    24 |    15 |    20 ||    59

Table legend: (Time is in decaauts)
 A = Elapsed time spent in this place.
 B = Non-inter-level travel time spent in this place.
 C = Inter-level travel time spent in this place.
 D = Time resting spent in this place.
 E = Time spent auto-exploring this place.
 F = Levels seen in this place.
 G = Mean time per level.
                   A        B        C        D        E       F      G
               +--------+--------+--------+--------+--------+-----+--------+
         Total |   3470 |   3359 |    111 |    132 |   2432 |   6 |  578.3 |
       Dungeon |   3247 |   3136 |    111 |    132 |   2259 |   5 |  649.4 |
         Sewer |    223 |    223 |      0 |      0 |    173 |   1 |  223.0 |
               +--------+--------+--------+--------+--------+-----+--------+

Top non-repeatable levels by time:
     D:2: 780 daAuts
     D:4: 780 daAuts
     D:1: 736 daAuts
     D:3: 537 daAuts
     D:5: 411 daAuts
   Sewer: 223 daAuts
